IL
TACOMA RAINIERS @ DURHAM BULLS
05/10/2047
 
TOP OF THE 1ST
Tacoma Rainiers batting - Pitching for Durham Bulls : LHP Chris Ross
Pitching: LHP Chris Ross
Batting: RHB Leon Alders 0-0: Called Strike
0-1: Ball
1-1: Ball
2-1: Called Strike
2-2: Ball
3-2: Base on Balls
Batting: LHB Jawad Fahad 0-0: Grounds into double play, 6-4-3 (Groundball, 6M, EV 88.8 MPH)
Batting: RHB Rick Ellis 0-0: Foul Ball, location: 2F
0-1: Ball
1-1: Called Strike
1-2: Ball
2-2: Fly out, F8 (Flyball, 8RS, EV 74.4 MPH)
Top of the 1st over - 0 runs, 0 hits, 0 errors, 0 left on base; Tacoma 0 - Durham 0
BOTTOM OF THE 1ST
Durham Bulls batting - Pitching for Tacoma Rainiers : RHP Chris Gilbo
Pitching: RHP Chris Gilbo
Batting: LHB Mark Marvin 0-0: Foul Ball, location: 2F
0-1: DOUBLE (Line Drive, 8RXD, EV 106.2 MPH)
Batting: SHB Brett McEwen 0-0: Swinging Strike
0-1: Called Strike
0-2: Ball
1-2: SINGLE (Groundball, 34D, EV 98.1 MPH)
Mark Marvin to third
Runner from 3rd tries for Home, SAFE, throw by RF to home
Brett McEwen to second
Batting: LHB Bill McGregor 0-0: Foul Ball, location: 2F
0-1: SINGLE (Groundball, 3D, EV 95.0 MPH)
Brett McEwen to third
Batting: SHB Lou Kroneman 0-0: Called Strike
0-1: Fly out, F7 (Flyball, 78S, EV 85.0 MPH)
Batting: RHB David Ward 0-0: Ball
1-0: Called Strike
1-1: Ball
2-1: Ball
3-1: Called Strike
3-2: Base on Balls
Bill McGregor to second
Batting: LHB Mario Ocana 0-0: Fielders Choice at 2nd, 3-6 (Groundball, 3, EV 89.4 MPH)
Brett McEwen scores
Bill McGregor to third
Batting: RHB Nick Sharp 0-0: SINGLE (Groundball, 5S, EV 65.6 MPH) (infield hit)
Bill McGregor scores
Mario Ocana to second
Batting: SHB Julio Hernandez 0-0: Called Strike
0-1: Ball
1-1: Foul Ball, location: 2F
1-2: SINGLE (Groundball, 23, EV 65.6 MPH) (infield hit)
Mario Ocana to third
Nick Sharp to second
Batting: RHB Jonathan Fraire 0-0: Foul Ball, location: 2F
0-1: Called Strike
0-2: Foul Ball, location: 2F
0-2: Foul Ball, location: 2F
0-2: Ball
1-2: Strikes out looking
Bottom of the 1st over - 3 runs, 5 hits, 0 errors, 3 left on base; Tacoma 0 - Durham 3
TOP OF THE 2ND
Tacoma Rainiers batting - Pitching for Durham Bulls : LHP Chris Ross
Batting: RHB Kagetoki Kawai 0-0: Ball
1-0: Ball
2-0: Foul Ball, location: 2F
2-1: Called Strike
2-2: Strikes out swinging
Batting: RHB Max Schellekens 0-0: Foul Ball, location: 2F
0-1: Ball
1-1: Ball
2-1: Swinging Strike
2-2: Ball
3-2: Strikes out swinging
Batting: RHB Bill Vives 0-0: Ball
1-0: Ground out 6-3 (Groundball, 6, EV 100.6 MPH)
Top of the 2nd over - 0 runs, 0 hits, 0 errors, 0 left on base; Tacoma 0 - Durham 3
BOTTOM OF THE 2ND
Durham Bulls batting - Pitching for Tacoma Rainiers : RHP Chris Gilbo
Batting: LHB Mark Marvin 0-0: Called Strike
0-1: Ball
1-1: Swinging Strike
1-2: Ground out 4-3 (Groundball, 4, EV 79.4 MPH)
Batting: SHB Brett McEwen 0-0: Ball
1-0: Foul Ball, location: 2F
1-1: Called Strike
1-2: Strikes out swinging
Batting: LHB Bill McGregor 0-0: Ball
1-0: Foul Ball, location: 2F
1-1: Called Strike
1-2: Foul Ball, location: 2F
1-2: Strikes out swinging
Bottom of the 2nd over - 0 runs, 0 hits, 0 errors, 0 left on base; Tacoma 0 - Durham 3
TOP OF THE 3RD
Tacoma Rainiers batting - Pitching for Durham Bulls : LHP Chris Ross
Batting: RHB Steve Martin 0-0: Foul Ball, location: 2F
0-1: Ball
1-1: Foul Ball, location: 2F
1-2: DOUBLE (Line Drive, 9LS, EV 101.2 MPH)
Batting: RHB Jeff Cox 0-0: Called Strike
0-1: Ball
1-1: Swinging Strike
1-2: Strikes out looking
Batting: LHB Josh Pittman 0-0: Called Strike
0-1: Swinging Strike
0-2: Ball
1-2: Strikes out looking
Batting: RHB Leon Alders 0-0: Ball
1-0: Ball
2-0: Ground out 4-3 (Groundball, 34, EV 79.4 MPH)
Top of the 3rd over - 0 runs, 1 hit, 0 errors, 1 left on base; Tacoma 0 - Durham 3
BOTTOM OF THE 3RD
Durham Bulls batting - Pitching for Tacoma Rainiers : RHP Chris Gilbo
Batting: SHB Lou Kroneman 0-0: Ball
1-0: Ball
2-0: Ball
3-0: Reached on error, E5 (Groundball, 56S, EV 69.4 MPH)
Batting: RHB David Ward 0-0: Foul Ball, location: 2F
0-1: Fly out, F8 (Flyball, 78M, EV 88.1 MPH)
Batting: LHB Mario Ocana 0-0: Ball
1-0: Fly out, F8 (Flyball, 78D, EV 98.8 MPH)
Batting: RHB Nick Sharp 0-0: Ball
1-0: Ball
2-0: Ball
3-0: Base on Balls
Lou Kroneman to second
Batting: SHB Julio Hernandez 0-0: Ball
1-0: Called Strike
1-1: Foul Ball, location: 2F
1-2: Fly out, F7 (Flyball, 78M, EV 82.5 MPH)
Bottom of the 3rd over - 0 runs, 0 hits, 1 error, 2 left on base; Tacoma 0 - Durham 3
TOP OF THE 4TH
Tacoma Rainiers batting - Pitching for Durham Bulls : LHP Chris Ross
Batting: LHB Jawad Fahad 0-0: Called Strike
0-1: Ball
1-1: Foul Ball, location: 2F
1-2: Ball
2-2: Ball
3-2: Fly out, F9 (Line Drive, 9LS, EV 95.6 MPH)
Batting: RHB Rick Ellis 0-0: Called Strike
0-1: Ball
1-1: Swinging Strike
1-2: Ball
2-2: Ball
3-2: SINGLE (Groundball, 34D, EV 107.5 MPH)
Batting: RHB Kagetoki Kawai 0-0: Called Strike
0-1: Foul Ball, location: 2F
0-2: Ball
1-2: Strikes out swinging
Batting: RHB Max Schellekens 0-0: Foul Ball, location: 2F
0-1: Ground out 4-3 (Groundball, 34, EV 80.0 MPH)
Top of the 4th over - 0 runs, 1 hit, 0 errors, 1 left on base; Tacoma 0 - Durham 3
BOTTOM OF THE 4TH
Durham Bulls batting - Pitching for Tacoma Rainiers : RHP Chris Gilbo
Batting: RHB Jonathan Fraire 0-0: Ground out 6-3 (Groundball, 56, EV 83.1 MPH)
Batting: LHB Mark Marvin 0-0: Ball
1-0: Called Strike
1-1: SINGLE (Groundball, 56S, EV 65.0 MPH) (infield hit)
Batting: SHB Brett McEwen 0-0: Ball
1-0: Ball
2-0: Ball
3-0: Called Strike
3-1: Foul Ball, location: 2F
3-2: Foul Ball, location: 2F
3-2: Base on Balls
Mark Marvin to second
Batting: LHB Bill McGregor 0-0: Fly out, F8 (Flyball, 8RM, EV 89.4 MPH)
Batting: SHB Lou Kroneman 0-0: Called Strike
0-1: Called Strike
0-2: Ball
1-2: Ball
2-2: Foul Ball, location: 2F
2-2: Fly out, F6 (Popup, 6MS, EV 85.6 MPH)
Bottom of the 4th over - 0 runs, 1 hit, 0 errors, 2 left on base; Tacoma 0 - Durham 3
TOP OF THE 5TH
Tacoma Rainiers batting - Pitching for Durham Bulls : LHP Chris Ross
Batting: RHB Bill Vives 0-0: Ball
1-0: Called Strike
1-1: SINGLE (Line Drive, 89S, EV 102.5 MPH)
Batting: RHB Steve Martin 0-0: Ball
1-0: SINGLE (Line Drive, 78S, EV 100.6 MPH)
Bill Vives to second
Batting: RHB Jeff Cox 0-0: Called Strike
0-1: Ball
1-1: Ball
2-1: Fielders Choice at 2nd, 1-4 (Groundball, 15, EV 75.0 MPH)
Bill Vives to third
Batting: LHB Josh Pittman 0-0: Ball
1-0: Ball
2-0: Swinging Strike
2-1: Foul Ball, location: 2F
2-2: Ball
3-2: Fielders Choice at 2nd, 1-6 (Groundball, 13S, EV 65.6 MPH)
Batting: RHB Leon Alders 0-0: Ball
1-0: Called Strike
1-1: Ball
2-1: Ball
3-1: Base on Balls
Josh Pittman to second
Batting: LHB Jawad Fahad 0-0: Ball
1-0: Foul Ball, location: 2F
1-1: Foul Ball, location: 2F
1-2: Foul Ball, location: 2F
1-2: Ball
2-2: SINGLE (Flyball, 9S, EV 90.0 MPH)
Bill Vives scores
Josh Pittman to third
Leon Alders to second
Runner from 3rd tries for Home, throw by RF and OUT! 9-2
Top of the 5th over - 1 run, 3 hits, 0 errors, 2 left on base; Tacoma 1 - Durham 3
BOTTOM OF THE 5TH
Durham Bulls batting - Pitching for Tacoma Rainiers : RHP Chris Gilbo
Batting: RHB David Ward 0-0: Ball
1-0: SINGLE (Groundball, 6S, EV 63.1 MPH) (infield hit)
Batting: LHB Mario Ocana 0-0: Swinging Strike
0-1: Swinging Strike
0-2: Grounds into double play, 6-4-3 (Groundball, 6MS, EV 90.6 MPH)
Batting: RHB Nick Sharp 0-0: Ball
1-0: Ball
2-0: Ball
3-0: Ground out 6-3 (Groundball, 56, EV 82.5 MPH)
Bottom of the 5th over - 0 runs, 1 hit, 0 errors, 0 left on base; Tacoma 1 - Durham 3
TOP OF THE 6TH
Tacoma Rainiers batting - Pitching for Durham Bulls : LHP Chris Ross
Batting: RHB Rick Ellis 0-0: Called Strike
0-1: Ball
1-1: Ball
2-1: Called Strike
2-2: Ball
3-2: Fly out, F8 (Flyball, 89M, EV 89.4 MPH)
Batting: RHB Kagetoki Kawai 0-0: Ball
1-0: Fly out, F8 (Flyball, 8LXD, EV 101.9 MPH)
Batting: RHB Max Schellekens 0-0: Ball
1-0: Ball
2-0: Ball
3-0: Called Strike
3-1: Foul Ball, location: 2F
3-2: Strikes out swinging
Top of the 6th over - 0 runs, 0 hits, 0 errors, 0 left on base; Tacoma 1 - Durham 3
BOTTOM OF THE 6TH
Durham Bulls batting - Pitching for Tacoma Rainiers : RHP Chris Gilbo
Batting: SHB Julio Hernandez 0-0: Called Strike
0-1: Ball
1-1: Ball
2-1: SINGLE (Groundball, 4D, EV 95.0 MPH)
Batting: RHB Jonathan Fraire 0-0: Ball
1-0: Called Strike
1-1: Ball
2-1: Fly out, F9 (Flyball, 9D, EV 105.0 MPH)
Batting: LHB Mark Marvin 0-0: Ball
1-0: Called Strike
1-1: Ball
2-1: Foul Ball, location: 2F
2-2: Ball
3-2: Base on Balls
Julio Hernandez to second
Batting: SHB Brett McEwen 0-0: Grounds into double play, 4-6-3 (Groundball, 34, EV 100.0 MPH)
Bottom of the 6th over - 0 runs, 1 hit, 0 errors, 1 left on base; Tacoma 1 - Durham 3
TOP OF THE 7TH
Tacoma Rainiers batting - Pitching for Durham Bulls : LHP Chris Ross
Batting: RHB Bill Vives 0-0: Ball
1-0: Ball
2-0: Ball
3-0: Called Strike
3-1: Foul Ball, location: 2F
3-2: Base on Balls
Pitching: RHP Eric Smith
Batting: RHB Steve Martin 0-0: Bunt missed!
0-1: Ball
1-1: Sac Bunt to 5S - play at first, batter OUT! 5-3
Bill Vives to second
Batting: RHB Jeff Cox 0-0: SINGLE (Groundball, 34D, EV 104.4 MPH)
Bill Vives to third
Runner from 3rd tries for Home, throw by RF and OUT! 9-2
Batting: LHB Josh Pittman 0-0: Called Strike
0-1: Ball
1-1: SINGLE (Line Drive, 9S, EV 108.8 MPH)
Jeff Cox to second
Batting: RHB Leon Alders 0-0: Ball
1-0: Swinging Strike
1-1: Foul Ball, location: 2F
1-2: Ball
2-2: Ball
3-2: Foul Ball, location: 2F
3-2: Foul Ball, location: 2F
3-2: Foul Ball, location: 2F
3-2: Foul Ball, location: 2F
3-2: Foul Ball, location: 2F
3-2: Base on Balls
Jeff Cox to third
Josh Pittman to second
Batting: LHB Jawad Fahad 0-0: Ball
1-0: Swinging Strike
1-1: Foul Ball, location: 2F
1-2: Strikes out looking
Top of the 7th over - 0 runs, 2 hits, 0 errors, 3 left on base; Tacoma 1 - Durham 3
BOTTOM OF THE 7TH
Durham Bulls batting - Pitching for Tacoma Rainiers : RHP Chris Gilbo
Batting: LHB Bill McGregor 0-0: Called Strike
0-1: SINGLE (Line Drive, 89S, EV 104.4 MPH)
Pitching: RHP Tyler Rayner
Batting: SHB Lou Kroneman 0-0: Called Strike
0-1: Ball
1-1: Ball
2-1: Foul Ball, location: 2F
2-2: Fly out, F9 (Flyball, 8RM, EV 93.8 MPH)
Batting: RHB David Ward 0-0: Foul Ball, location: 2F
0-1: Ball
1-1: Ball
2-1: Ball
3-1: Grounds into double play, 6-4-3 (Groundball, 6S, EV 80.0 MPH)
Bottom of the 7th over - 0 runs, 1 hit, 0 errors, 0 left on base; Tacoma 1 - Durham 3
TOP OF THE 8TH
Tacoma Rainiers batting - Pitching for Durham Bulls : RHP Eric Smith
Batting: RHB Rick Ellis 0-0: Ball
1-0: Ball
2-0: Ball
3-0: Called Strike
3-1: SINGLE (Line Drive, 9S, EV 109.4 MPH)
Pinch Hitting: LHB Ryan Lowe 0-0: Ball
1-0: Ball
2-0: Called Strike
2-1: Called Strike
2-2: Ball
3-2: Strikes out swinging
Batting: RHB Max Schellekens 0-0: Called Strike
0-1: Ball
1-1: Ball
2-1: Ball
3-1: Base on Balls
Rick Ellis to second
Batting: RHB Bill Vives 0-0: Called Strike
0-1: Ball
1-1: Foul Ball, location: 2F
1-2: Foul Ball, location: 2F
1-2: SINGLE (Groundball, 4M, EV 103.8 MPH) (infield hit)
Rick Ellis to third
Max Schellekens to second
Pitching: RHP Al Speer
Batting: RHB Steve Martin 0-0: Ball
Wild Pitch!
Rick Ellis scores
Max Schellekens to third
Bill Vives to second
1-0: Foul Ball, location: 2F
1-1: Ball
2-1: SINGLE (Line Drive, 9LS, EV 106.9 MPH)
Max Schellekens scores
Bill Vives to third
Batting: RHB Jeff Cox 0-0: Called Strike
0-1: Grounds into double play, 4-6-3 (Groundball, 4M, EV 97.5 MPH)
Top of the 8th over - 2 runs, 3 hits, 0 errors, 1 left on base; Tacoma 3 - Durham 3
BOTTOM OF THE 8TH
Durham Bulls batting - Pitching for Tacoma Rainiers : RHP Tyler Rayner
Now in CF: Brendan Bundy
Batting: LHB Mario Ocana 0-0: Ball
1-0: Called Strike
1-1: Ball
2-1: SINGLE (Groundball, 56S, EV 74.4 MPH) (infield hit)
Batting: RHB Nick Sharp 0-0: Sac Bunt to P - play at first, batter OUT! 1-3
Mario Ocana to second
Batting: SHB Julio Hernandez 0-0: Ball
1-0: Swinging Strike
1-1: Ball
2-1: Foul Ball, location: 2F
2-2: Ground out 4-3 (Groundball, 4, EV 97.5 MPH)
Mario Ocana to third
Batting: RHB Jonathan Fraire 0-0: Ball
1-0: Foul Ball, location: 2F
1-1: Ball
2-1: Ball
3-1: Called Strike
3-2: Foul Ball, location: 2F
3-2: Strikes out looking
Bottom of the 8th over - 0 runs, 1 hit, 0 errors, 1 left on base; Tacoma 3 - Durham 3
TOP OF THE 9TH
Tacoma Rainiers batting - Pitching for Durham Bulls : RHP Al Speer
Pitching: RHP Nelson Dawson
Batting: LHB Josh Pittman 0-0: Ball
1-0: Swinging Strike
1-1: Called Strike
1-2: SINGLE (Groundball, 6D, EV 109.4 MPH)
Batting: RHB Leon Alders 0-0: Swinging Strike
0-1: Swinging Strike
0-2: Ball
1-2: Foul Ball, location: 2F
1-2: Ball
2-2: Strikes out looking
Batting: LHB Jawad Fahad 0-0: Ball
1-0: Ball
2-0: Ball
3-0: Called Strike
3-1: Foul Ball, location: 2F
3-2: Fly out, F9 (Flyball, 9D, EV 101.2 MPH)
Batting: RHB Rick Ellis 0-0: Called Strike
0-1: Ball
1-1: Ball
2-1: Foul Ball, location: 2F
2-2: SINGLE (Flyball, 34D, EV 93.8 MPH)
Josh Pittman to second
Batting: SHB Brendan Bundy 0-0: Called Strike
0-1: Ball
1-1: Swinging Strike
1-2: Strikes out swinging
Top of the 9th over - 0 runs, 2 hits, 0 errors, 2 left on base; Tacoma 3 - Durham 3
BOTTOM OF THE 9TH
Durham Bulls batting - Pitching for Tacoma Rainiers : RHP Tyler Rayner
Pitching: RHP Jace Daniels
Batting: LHB Mark Marvin 0-0: Called Strike
0-1: Ball
1-1: Ball
2-1: Ball
3-1: Base on Balls
Batting: SHB Brett McEwen 0-0: Ball
1-0: Called Strike
1-1: Swinging Strike
1-2: Foul Ball, location: 2F
1-2: Foul Ball, location: 2F
1-2: Strikes out swinging
Batting: LHB Bill McGregor 0-0: Foul Ball, location: 2F
0-1: Called Strike
0-2: Ball
1-2: Fielders Choice at 2nd, 1-6 (Groundball, 34S, EV 63.1 MPH)
Batting: SHB Lou Kroneman 0-0: Ball
Bill McGregor is caught stealing 2nd base 2-6
Bottom of the 9th over - 0 runs, 0 hits, 0 errors, 0 left on base; Tacoma 3 - Durham 3
TOP OF THE 10TH
Tacoma Rainiers batting - Pitching for Durham Bulls : RHP Nelson Dawson
Batting: RHB Max Schellekens 0-0: Ball
1-0: Swinging Strike
1-1: Fly out, F8 (Flyball, 8RS, EV 93.8 MPH)
Batting: RHB Bill Vives 0-0: Ball
1-0: Ball
2-0: Ball
3-0: Called Strike
3-1: Foul Ball, location: 2F
3-2: Base on Balls
Batting: RHB Steve Martin 0-0: Swinging Strike
0-1: SINGLE (Groundball, 6M, EV 107.5 MPH) (infield hit)
Bill Vives to second
Batting: RHB Jeff Cox 0-0: Foul Ball, location: 2F
0-1: Ball
1-1: Ball
2-1: Ball
3-1: Foul Ball, location: 2F
3-2: Strikes out swinging
Batting: LHB Josh Pittman 0-0: Ball
1-0: Foul Ball, location: 2F
1-1: Ball
2-1: Ball
3-1: Swinging Strike
3-2: Ground out 4-3 (Groundball, 4, EV 87.5 MPH)
Top of the 10th over - 0 runs, 1 hit, 0 errors, 2 left on base; Tacoma 3 - Durham 3
BOTTOM OF THE 10TH
Durham Bulls batting - Pitching for Tacoma Rainiers : RHP Jace Daniels
Batting: SHB Lou Kroneman 0-0: Called Strike
0-1: Ball
1-1: Called Strike
1-2: Ball
2-2: Fly out, F8 (Flyball, 8LXD, EV 82.5 MPH)
Batting: RHB David Ward 0-0: Swinging Strike
0-1: Ball
1-1: Called Strike
1-2: Ball
2-2: Ball
3-2: Foul Ball, location: 2F
3-2: Base on Balls
Batting: LHB Mario Ocana 0-0: Ball
1-0: Fly out, F8 (Flyball, 89M, EV 90.6 MPH)
Batting: RHB Nick Sharp 0-0: Ball
Wild Pitch!
David Ward to second
1-0: Intentional Walk
Pinch Runner at 2nd Angel Ruvalcaba:
Batting: SHB Julio Hernandez 0-0: Ball
1-0: Ball
2-0: SINGLE (Groundball, 4MD, EV 108.1 MPH)
Angel Ruvalcaba to third
Nick Sharp to second
Runner from 3rd tries for Home, SAFE, throw by CF to home
Bottom of the 10th over - 1 run, 1 hit, 0 errors, 2 left on base; Tacoma 3 - Durham 4
Thursday, December 15th , 2022 - OOTP Baseball 23.9 Build 102